 Dungeon Crawl Stone Soup version 0.31.0-1-g2c135a008e (webtiles) character file.

Game seed: 16797223328822631005

101 qw the Shooter (level 5, -5/40 HPs)
             Began as a Djinni Hunter on Jan 23, 2024.
             Slain by a ribbon worm (7 damage)
             ... on level 3 of the Dungeon.
             The game lasted 00:00:06 (1794 turns).

qw the Shooter (Djinni Hunter)                      Turns: 1794, Time: 00:00:07

Health: -5/40      AC:  3    Str: 10    XL:     5   Next: 4%
Gold:   36         EV: 13    Int: 10    God:
                   SH:  0    Dex: 19

rFire   + + .        a - +0 shortbow (drain)
rCold   x . .        (shield currently unavailable)
rNeg    . . .        c - +0 leather armour
rPois   inf          (no helmet)
rElec   .            (no cloak)
rCorr   .            (no gloves)
SInv    .            (boots unavailable)
Will    .....        (no amulet)
Stlth   ++           (no ring)
HPRegen 0.26/turn    (no ring)
MPRegen 0.00/turn

%: infuse magic (-6 HP)
@: flying
A: sickness immunity, fire resistance 2, cold vulnerability 1, float, innate
caster, HP casting, extra vitality 1, screaming 1
a: no special abilities


You were on level 3 of the Dungeon.
You visited 1 branch of the dungeon, and saw 3 of its levels.

You collected 88 gold pieces.
You spent 52 gold pieces at shops.


Innate Abilities, Weirdness & Mutations

You are immune to sickness and miasma.
You are immune to poison.
Your flesh is very heat resistant. (rF++)
You are vulnerable to cold. (rC-)
You float through the air rather than walking.
You learn spells naturally, not from books.
Your magical power is your life essence.
You have superior vitality. (+4 MHP)
You occasionally shout uncontrollably at your foes.


   Skills:
 - Level 3.0 Fighting
 + Level 4.2 Ranged Weapons
 - Level 3.0 Dodging
 - Level 0.7 Stealth


You knew the following spells:

 Your Spells              Type           Power      Damage    Failure   Level
a - Apportation           Tloc           0%         N/A       45%         1
b - Static Discharge      Conj/Air       0%         3-3/arc   61%         2
Your spell library was empty.

Inventory:

Hand Weapons
 a - a +0 shortbow of draining (weapon)
Armour
 b - a +0 ring mail
 c - a +0 leather armour (worn)
Jewellery
 d - a ring of resist corrosion
Potions
 e - a potion of resistance
 f - a potion of curing {unknown}
 l - a potion of haste

Dungeon Overview and Level Annotations

Branches:
Dungeon (3/15)

Altars:
Xom

Shops:
D:3 *


Message History

You shoot an arrow. The arrow hits the ribbon worm.
You drain the ribbon worm.
The ribbon worm is severely wounded.
The ribbon worm bites you. x2
You shoot an arrow. The arrow hits the ribbon worm.
You kill the ribbon worm!
The ribbon worm expels a string of sticky webbing.
The stream of webbing hits you but does no damage.
You are caught in a web!
You have reached level 5!
The power to cast Static Discharge wells up from within.
Spell assigned to 'b'.
The web tears apart.
The ribbon worm misses you.
You shoot an arrow.
The arrow completely misses the ribbon worm.
The ribbon worm bites you.
You shoot an arrow. The arrow hits the ribbon worm.
You drain the ribbon worm.
The ribbon worm is moderately wounded.
The ribbon worm bites you. x2
You shoot an arrow. The arrow hits the ribbon worm!
The ribbon worm is severely wounded.
The ribbon worm bites you. x2
You shoot an arrow. The arrow hits the ribbon worm.
You drain the ribbon worm.
The ribbon worm is almost dead.
The ribbon worm expels a string of sticky webbing.
The stream of webbing hits you but does no damage.
You are caught in a web!
The ribbon worm bites you.
The web tears apart.
The ribbon worm bites you. The ribbon worm completely misses you.
You shoot an arrow. The arrow hits the ribbon worm!
You kill the ribbon worm!
The ribbon worm bites you.
You shoot an arrow.
The arrow completely misses the ribbon worm.
The ribbon worm expels a string of sticky webbing.
The stream of webbing hits you but does no damage.
You are caught in a web!
The web tears apart.
The ribbon worm bites you!
You die...

...... ^..... #
...^. # ... ... #
... ..# #.# ##.##
#.# ##%w.#####. #)#
#..@....... ####.#
#....######
####.##.######.#.##
........%......#.#
.###.###########.#
.# ### #.# .# #.#
.# #.# .# .#


You could see a ribbon worm (catching breath).

Vanquished Creatures
  Terence (D:2)
  An adder (D:3)
  A dart slug (D:2)
  4 ribbon worms
  6 ball pythons
  5 bats
  2 endoplasms (D:1)
  3 giant cockroaches
  7 goblins
  4 hobgoblins
  4 jackals (D:1)
  4 kobolds
  3 quokkas (D:1)
  3 frilled lizards
  3 rats
51 creatures vanquished.

Notes
Turn   | Place    | Note
-------+----------+-------------------------------------------
     0 | D:1      | qw the Djinni Hunter began the quest for the Orb.
     0 | D:1      | Reached XP level 1. HP: 18/18 MP: 0/0
     0 | D:1      | 0 ||| qw: Version: 0.3-a-134-g2ba4250
     0 | D:1      | 0 ||| qw: Game counter: 735
     0 | D:1      | 0 ||| qw: Melee chars always use a shield: true
     0 | D:1      | 0 ||| qw: God list: Okawaru
     0 | D:1      | 0 ||| qw: Allow faded altars: false
     0 | D:1      | 0 ||| qw: Do Orc after clearing Dungeon:15 true
     0 | D:1      | 0 ||| qw: Do second Lair branch before Depths: true
     0 | D:1      | 0 ||| qw: Lair rune preference: random
     0 | D:1      | 0 ||| qw: Goals: Normal
     0 | D:1      | 0 ||| PLANNING D:1-11
    79 | D:1      | Reached XP level 2. HP: 23/23 MP: 0/0
   116 | D:1      | Noticed a great orb of eyes
   117 | D:1      | Found a faded altar of an unknown god.
   128 | D:1      | Noticed a golden eye
   131 | D:1      | Noticed a great orb of eyes
   131 | D:1      | Noticed a golden eye
   728 | D:1      | Reached skill level 4 in Ranged Weapons
   728 | D:1      | Reached XP level 3. HP: 28/28 MP: 0/0
   728 | D:1      | Learned a level 1 spell: Apportation
   774 | D:1      | 774 ||| READING scroll labelled LEP LAINAO.
   775 | D:1      | 775 ||| READING scroll labelled QAGIBO TEAV.
   776 | D:1      | 776 ||| READING 2 scrolls labelled FEADIJ HONUAM.
   776 | D:1      | 776 ||| IDENTIFYING silvery potion
   777 | D:1      | 777 ||| READING scroll of identify.
   777 | D:1      | 777 ||| IDENTIFYING viscous orange potion
   778 | D:1      | 778 ||| READING scroll labelled SAIBOMETAILE.
   779 | D:1      | 779 ||| DRINKING 3 coppery potions.
   780 | D:1      | 780 ||| DROPPING scroll of butterflies.
   781 | D:1      | 781 ||| DROPPING 2 potions of brilliance.
   848 | D:2      | Noticed Terence
   855 | D:2      | 855 ||| STAIRDANCE
   902 | D:2      | HP: 1/28 [Terence/+0 flail (9)]
   903 | D:2      | 903 ||| DRINKING potion of heal wounds.
   910 | D:2      | Killed Terence
   911 | D:2      | Reached skill level 3 in Fighting
   911 | D:2      | Reached XP level 4. HP: 19/35 MP: 0/0
   938 | D:2      | 938 ||| STAIRDANCE
  1440 | D:2      | Reached skill level 3 in Dodging
  1450 | D:2      | 1450 ||| DROPPING scarf of invisibility.
  1451 | D:2      | 1451 ||| READING 4 scrolls of identify.
  1451 | D:2      | 1451 ||| IDENTIFYING fuming orange potion
  1452 | D:2      | 1452 ||| DRINKING potion of mutation.
  1452 | D:2      | Gained mutation: You occasionally shout uncontrollably at
                  | your foes. [potion of mutation]
  1453 | D:2      | 1453 ||| READING 3 scrolls of identify.
  1453 | D:2      | 1453 ||| IDENTIFYING bubbling red potion
  1454 | D:2      | 1454 ||| READING 2 scrolls of identify.
  1454 | D:2      | 1454 ||| IDENTIFYING scroll labelled LEMUOM TASOAGI
  1455 | D:2      | 1455 ||| READING scroll of identify.
  1455 | D:2      | 1455 ||| IDENTIFYING scroll labelled RABYGR ROWNI
  1456 | D:2      | 1456 ||| READING scroll of brand weapon.
  1456 | D:2      | 1456 ||| BRANDING +0 shortbow.
  1457 | D:2      | 1457 ||| DROPPING scroll of fog.
  1585 | D:3      | Found a shimmering altar of Xom.
  1603 | D:3      | Found Aleikh's General Store.
  1606 | D:3      | 1606 ||| BUYING +0 ring mail (52 gold).
  1606 | D:3      | Bought a +0 ring mail for 52 gold pieces
  1606 | D:3      | 1606 ||| SHOPLISTING +7 shortbow of freezing (551 gold,
                  | have 25).
  1606 | D:3      | 1606 ||| SHOPLISTING potion of heal wounds (65 gold, have
                  | 25).
  1606 | D:3      | 1606 ||| SHOPLISTING potion of mutation (104 gold, have
                  | 25).
  1786 | D:3      | Reached XP level 5. HP: 16/40 MP: 0/0
  1786 | D:3      | Learned a level 2 spell: Static Discharge
  1789 | D:3      | HP: 9/40 [ribbon worm (4)]
  1791 | D:3      | HP: 3/40 [ribbon worm (2)]
  1792 | D:3      | HP: 1/40 [ribbon worm (2)]
  1794 | D:3      | Slain by a ribbon worm

Levels and vault maps discovered:
D:1:      arrival_zaba_pyramid, layout_basic,
          hellmonk_ecumenical_altar_watching_god
D:2:      layout_rooms, uniq_terence
D:3:      layout_loops_ring, mainiacjoe_overflow_chevrons, serial_shops,
          nicolae_shop_trees, minmay_misc_feat_square, nicolae_wormholes

Skill      XL: |  1  2  3  4 |
---------------+-------------+-----
Ranged Weapons | 4 |  4.2
Fighting       | 3 |  3.0
Dodging        | 3 |  3.0
Stealth        | |  0.7

Action                     |  1- 3 |  4- 6 || total
---------------------------+-------+-------++-------
   Fire: Shortbow          |    65 |   103 ||   168
    Use: Scroll            |     5 |     5 ||    10
         Potion            |     2 |     1 ||     3
 Armour: Leather armour    |    20 |    44 ||    64
  Dodge: Dodged            |    25 |    35 ||    60

Table legend:
 A = Non-vault XP
 B = Vault XP
 C = Vault XP percentage of total XP
 D = Non-vault monster count
 E = Vault monster count
 F = Vault count percentage of total count
                 A         B        C        D         E       F
            +---------+---------+-------+---------+---------+-------
      Total |     101 |      44 |  30.3 |      48 |       3 |   5.9
            +---------+---------+-------+---------+---------+-------
        D:1 |      34 |       0 |   0.0 |      20 |       0 |   0.0
        D:2 |      37 |      36 |  49.3 |      17 |       1 |   5.6
        D:3 |      30 |       8 |  21.1 |      11 |       2 |  15.4
            +---------+---------+-------+---------+---------+-------
